 Dungeon Crawl Stone Soup version 0.23.1-37-gaa34b87b72 (webtiles) character file.

Game seed: 15246743033936355873

8811 PentaManta the Whirler (level 11, 0/78 HPs)
             Began as a Halfling Hunter on Mar 25, 2019.
             Was a High Priest of Okawaru.
             Killed from afar by a molten gargoyle (13 damage)
             ... with a bolt of magma
             ... on level 10 of the Dungeon.
             The game lasted 00:27:54 (12258 turns).

PentaManta the Whirler (Halfling Hunter)           Turns: 12258, Time: 00:27:55

Health: 0/78       AC:  7    Str: 13    XL:     11   Next: 62%
Magic:  11/11      EV: 23    Int:  9    God:    Okawaru [*****.]
Gold:   646        SH:  0    Dex: 19    Spells: 10/10 levels left

rFire    + . .     SeeInvis +   a - +1 hunting sling
rCold    . . .     Gourm    +   (shield restricted)
rNeg     . . .     Faith    .   c - +0 leather armour
rPois    .         Spirit   .   u - +0 helmet
rElec    .         Reflect  .   (no cloak)
rCorr    .         Harm     .   K - +0 pair of gloves
MR       .....                  s - +1 pair of boots
Stlth    ++........             d - amulet of the gourmand
HPRegen  0.23/turn              y - ring of protection from fire
MPRegen  0.12/turn              o - ring of see invisible

@: no status effects
A: small, mutation resistance 1
a: Heroism, Finesse, Renounce Religion


You were on level 10 of the Dungeon.
You worshipped Okawaru.
Okawaru was extremely pleased with you.
You were not hungry.

You visited 2 branches of the dungeon, and saw 12 of its levels.
You also visited: Ossuary.

You collected 646 gold pieces.

Inventory:

Hand Weapons
 a - a +1 hunting sling (weapon)
 b - a +0 short sword
 i - a +1 dagger of venom
Missiles
 e - 184 stones (quivered)
 w - 17 sling bullets
 J - a throwing net
Armour
 c - a +0 leather armour (worn)
 s - a +1 pair of boots (worn)
 u - a +0 helmet (worn)
 K - a +0 pair of gloves (worn)
Jewellery
 d - an amulet of the gourmand (around neck)
 o - a ring of see invisible (right hand)
 y - a ring of protection from fire (left hand)
 D - an uncursed ring of positive energy
Wands
 k - a wand of random effects (42)
 v - a wand of digging (5)
 A - a wand of disintegration (17)
 B - a wand of scattershot (5)
Scrolls
 n - 3 scrolls of identify
 p - a scroll of enchant armour
 x - 6 scrolls of remove curse
 E - a scroll of amnesia
 H - 2 scrolls of random uselessness {unknown}
 I - a scroll of fear {unknown}
 L - a scroll of silence {unknown}
 M - a scroll of magic mapping
Potions
 g - 3 potions of berserk rage
 h - 4 potions of brilliance
 j - a potion of flight {unknown}
 l - 2 potions of cancellation
 m - 2 potions of magic
 q - 2 potions of mutation
 t - 2 potions of curing {unknown}
 z - 2 potions of lignification {unknown}
 C - 2 potions of might {unknown}
 F - 2 potions of agility {unknown}
 G - a potion of haste {unknown}
Miscellaneous
 r - a phantom mirror
Comestibles
 f - 25 rations


   Skills:
 + Level 8.6 Fighting
 - Level 16.3 Slings
 + Level 10.2 Dodging
 - Level 1.1 Stealth


You had 10 spell levels left.
You didn't know any spells.
Your spell library contained the following spells:

 Spells                   Type           Power        Failure   Level  Hunger
 Freeze                   Ice            #...         45%         1    ##.....
 Summon Small Mammal      Summ           #...         45%         1    ##.....
 Call Imp                 Summ           #.......     61%         2    ###....
 Throw Frost              Conj/Ice       #.....       61%         2    ###....
 Call Canine Familiar     Summ           #.......     83%         3    ####...
 Ozocubu's Armour         Chrm/Ice       #.......     83%         3    ####...
 Summon Guardian Golem    Hex/Summ       #.......     83%         3    ####...
 Summon Ice Beast         Ice/Summ       #.......     99%         4    #####..
 Summon Lightning Spire   Summ/Air       #.......     99%         4    #####..
 Throw Icicle             Conj/Ice       #.......     99%         4    #####..
 Irradiate                Conj/Tmut      #.........   100%        5    ######.
 Hydra Form               Tmut           #.........   100%        6    #######
 Statue Form              Tmut/Erth      #........    100%        6    #######
 Dragon Form              Tmut           #.........   100%        7    #######


Dungeon Overview and Level Annotations

Branches:
Dungeon (11/15)            Temple (1/1) D:4             Orc (0/2) D:9
   Lair: D:8-11

Altars:
Ashenzari
Cheibriados
Dithmenos
Elyvilon
Fedhas
Gozag
Hepliaklqana
Kikubaaqudgha
Makhleb
Nemelex Xobeh
Okawaru
Qazlal
Ru
Sif Muna
Trog
Uskayaw
Vehumet
Wu Jian
Xom
Yredelemnul
Zin
The Shining One

Shops:
D:5 [   D:9 [(

Annotations:
D:7 2 runed translucent doors
D:8 exclusion: downstairs
D:9 Harold


Innate Abilities, Weirdness & Mutations

You are small and have problems with some larger weapons.
You are somewhat resistant to further mutation.


Message History

Firing (i - inventory. (/) - cycle)
e - 186 stones (quivered)
Press: ? - help, Shift-Dir - straight line, f/p - molten gargoyle
Aim: a molten gargoyle, wielding a +0 flail (moderately damaged)
You shoot a stone.
The stone barely misses the molten gargoyle.
Firing (i - inventory. (/) - cycle)
e - 185 stones (quivered)
Press: ? - help, Shift-Dir - straight line, f/p - molten gargoyle
Aim: a molten gargoyle, wielding a +0 flail (moderately damaged)
You shoot a stone.
The stone hits the molten gargoyle but does no damage.
The molten gargoyle is moderately damaged.
The molten gargoyle completely misses you.
The molten gargoyle blasts magma at you!
The bolt of magma hits you!! You partially resist.
The molten gargoyle blasts magma at you!
The bolt of magma hits you! You partially resist.
* * * LOW HITPOINT WARNING * * *
The molten gargoyle blasts magma at you!
The bolt of magma hits you! You partially resist.
You die...

###'##### #####)#### ## #.# #)# #
#.# #.# # #.# ####'#### # #.#
#.......# # #.# #.......##### #
##.# #..<....'...#####
####..###########.......###......
...(.....(>.9...@.......# #######
####.############.......# # #..#
#.......# # #.## #####'### # #.#
#<.# # ##.# #.## # #..# #.# #
##'########## #.# #
#...#.......########'#### ###


You could see a molten gargoyle.

Vanquished Creatures
  5 two-headed ogres
  A hippogriff (D:6)
  Grum (D:8)
  A water moccasin (D:5)
  An ice beast (D:8)
  3 sky beasts
  5 orc warriors
  4 phantoms
  2 necrophages
  An eye of draining (D:10)
  2 wolves (D:8)
  2 centaurs (D:10)
  3 ogres
  4 elf zombies (Ossuary)
  6 bullfrogs
  4 killer bees (D:8)
  3 scorpions
  6 wights (D:7)
  2 vampire bats (D:3)
  4 howler monkeys
  3 crimson imps
  4 jellies
  2 centaur zombies
  2 bullfrog zombies
  5 hounds
  A human zombie (Ossuary)
  7 orc priests
  Ijyb (D:3)
  Terence (D:3)
  10 orc wizards
  2 iguanas
  9 worker ants
  A big kobold zombie (Ossuary)
  A hound zombie (Ossuary)
  A hound skeleton (D:4)
  3 mummies (Ossuary)
  Robin (D:2)
  8 adders
  7 gnolls
  5 oozes (D:8)
  4 adder zombies
  An adder skeleton (D:4)
  8 worms
  3 dart slugs
  5 leopard geckos
  41 orcs
  8 bats
  5 bat zombies (D:3)
  8 giant cockroaches
  A gnoll zombie (Ossuary)
  16 goblins
  14 hobgoblins
  12 jackals
  7 quokkas
  A ball python (D:1)
  10 frilled lizards
  6 goblin zombies (Ossuary)
  3 hobgoblin zombies (Ossuary)
  A jackal skeleton (D:7)
  3 jackal zombies
  13 kobolds
  4 kobold zombies (Ossuary)
  A leopard gecko skeleton (D:8)
  A quokka skeleton (D:7)
  3 quokka zombies
  8 rats
  5 rat zombies (Ossuary)
326 creatures vanquished.

Notes
Turn   | Place    | Note
-------+----------+-------------------------------------------
     0 | D:1      | PentaManta the Halfling Hunter began the quest for the Orb.
     0 | D:1      | Reached XP level 1. HP: 14/14 MP: 1/1
    49 | D:1      | Reached skill level 6 in Slings
   142 | D:1      | Reached XP level 2. HP: 19/19 MP: 2/2
   252 | D:1      | Reached XP level 3. HP: 24/24 MP: 3/3
   751 | D:2      | Reached XP level 4. HP: 30/30 MP: 4/4
   851 | D:2      | Reached skill level 7 in Slings
   972 | D:2      | Found a bloodstained altar of Trog.
  1086 | D:2      | Found an ornate altar of the Wu Jian Council.
  1540 | D:3      | Reached XP level 5. HP: 35/35 MP: 5/5
  1872 | D:3      | Noticed Robin
  2009 | D:2      | Killed Robin
  2042 | D:3      | Noticed Ijyb
  2083 | D:3      | Killed Ijyb
  2083 | D:3      | Reached skill level 8 in Slings
  2083 | D:3      | Reached XP level 6. HP: 38/41 MP: 6/6
  2266 | D:3      | Noticed Terence
  2276 | D:3      | Killed Terence
  2370 | D:3      | Found an ancient bone altar of Kikubaaqudgha.
  2531 | D:3      | Found a faded altar of an unknown god.
  2658 | D:4      | Reached skill level 9 in Slings
  2664 | D:4      | Reached XP level 7. HP: 46/46 MP: 7/7
  2685 | D:4      | Found a staircase to the Ecumenical Temple.
  2767 | Temple   | Entered the Ecumenical Temple
  2776 | Temple   | Became a worshipper of Warmaster Okawaru
  3926 | D:4      | Found an opulent altar of Gozag.
  3926 | D:4      | Found a snail-covered altar of Cheibriados.
  4202 | D:5      | Entered Level 5 of the Dungeon
  4206 | D:5      | Found a glowing silver altar of Zin.
  4315 | D:5      | Reached skill level 10 in Slings
  4344 | D:5      | Noticed a water moccasin
  4361 | D:5      | Killed a water moccasin
  4361 | D:5      | Reached * piety under Okawaru
  4361 | D:5      | Reached skill level 5 in Dodging
  4361 | D:5      | Reached XP level 8. HP: 34/54 MP: 8/8
  4424 | D:5      | Found Naolloca's Armour Shoppe.
  5489 | D:5      | Reached skill level 11 in Slings
  5805 | D:6      | Reached ** piety under Okawaru
  5828 | D:6      | Reached skill level 5 in Fighting
  5828 | D:6      | Reached XP level 9. HP: 61/61 MP: 9/9
  5883 | D:6      | Reached skill level 12 in Slings
  6505 | D:7      | Reached skill level 13 in Slings
  6582 | D:7      | Reached *** piety under Okawaru
  6612 | D:7      | Found a sand-covered staircase.
  6624 | Ossuary  | Entered an ossuary
  7184 | Ossuary  | Reached XP level 10. HP: 56/68 MP: 10/10
  7361 | D:7      | Found a large runed translucent door.
  7361 | D:7      | Found a large runed translucent door.
  7379 | D:7      | Found a large runed translucent door.
  7379 | D:7      | Found a large runed translucent door.
  7604 | D:7      | Noticed a two-headed ogre
  7642 | D:6      | Reached skill level 14 in Slings
  8257 | D:8      | Noticed a two-headed ogre
  8285 | D:8      | Killed a two-headed ogre
  8285 | D:8      | Reached **** piety under Okawaru
  8706 | D:8      | Received a gift from Okawaru
  8706 | D:8      | Reached skill level 15 in Slings
  8859 | D:8      | Noticed Grum
  9008 | D:8      | Killed Grum
  9427 | D:8      | Noticed a two-headed ogre
  9476 | D:8      | Killed a two-headed ogre
  9476 | D:8      | Received a gift from Okawaru
  9476 | D:8      | Reached XP level 11. HP: 39/75 MP: 11/11
  9808 | D:7      | Killed a two-headed ogre
  9808 | D:7      | Reached skill level 16 in Slings
 10037 | D:7      | Received a gift from Okawaru
 10223 | D:9      | Noticed Harold
 10224 | D:9      | Noticed a two-headed ogre
 10794 | D:9      | Killed a two-headed ogre
 10794 | D:9      | Reached ***** piety under Okawaru
 10843 | D:9      | Found a hide-covered altar of Uskayaw.
 10872 | D:9      | Found Munirunk's Armour Shoppe.
 10874 | D:9      | Found a staircase to the Orcish Mines.
 10876 | D:9      | Found Qurrixta's Weapon Shoppe.
 10996 | D:9      | Noticed a death yak
 11001 | D:9      | Noticed a death yak
 11145 | D:10     | Entered Level 10 of the Dungeon
 11160 | D:10     | Noticed a two-headed ogre
 11182 | D:10     | Killed a two-headed ogre
 11182 | D:10     | Received a gift from Okawaru
 11182 | D:10     | Reached skill level 10 in Dodging
 11348 | D:10     | Found a shadowy altar of Dithmenos.
 12258 | D:10     | Killed from afar by a molten gargoyle

Skill      XL: |  1  2  3  4  5  6  7  8  9 10 11 |
---------------+----------------------------------+-----
Slings         | 6 7 8 9 10 11 13 15 16 | 16.3
Fighting       | 2 3 4 5 6 7 8 |  8.6
Dodging        | 3 4 5 6 7 8 10 | 10.2
Stealth        | |  1.1

Action                   |  1- 3 |  4- 6 |  7- 9 | 10-12 || total
-------------------------+-------+-------+-------+-------++-------
Melee: Dagger            |       |       |     9 |       ||     9
       Hunting sling     |       |       |     1 |       ||     1
 Fire: Hunting sling     |    86 |   267 |   733 |   648 ||  1734
Invok: Heroism           |       |       |       |     5 ||     5
  Use: Scroll            |       |     7 |     2 |     5 ||    14
       Potion            |       |       |       |     2 ||     2
  Eat: Chunk             |       |     5 |     7 |    10 ||    22
       Ration            |       |       |     2 |     1 ||     3
Armor: Leather armour    |     5 |    29 |    35 |    24 ||    93
Dodge: Dodged            |     9 |   110 |   187 |   219 ||   525
